 Dungeon Crawl Stone Soup version 0.27.1-4-g1640c2035a (webtiles) character file.

Game seed: 6709514413165865829

14 unlimited1921 the Vexing (level 2, -2/23 HPs)
             Began as a Gnoll Arcane Marksman on Nov 10, 2021.
             Frozen to death by an endoplasm (3 damage)
             ... on level 1 of the Dungeon.
             The game lasted 00:09:25 (537 turns).

unlimited1921 the Vexing (Gnoll Arcane Marksman)     Turns: 537, Time: 00:09:26

Health: -2/23      AC: 12    Str:  8 (9)  XL:     2   Next: 45%
Magic:  5/5        EV:  0    Int: 14 (16) God:
Gold:   11         SH:  0    Dex: 13 (16) Spells: 5/6 levels left

rFire    + . .     SeeInvis .   a - +0 hand crossbow
rCold    . . .     Faith    .   (no shield)
rNeg     . . .     Spirit   .   e - +0 plate armour
rPois    +         Reflect  .   (no helmet)
rElec    .         Harm     .   (no cloak)
rCorr    .         Rampage  .   (no gloves)
Will     .....                  (no boots)
Stlth    ..........             (no amulet)
HPRegen  0.07/turn              b - ring "Osaoloy" {rF+ Int+4 Dex+4 Slay+3}
MPRegen  0.09/turn              (no ring)

@: no status effects
A: fangs 1, strong nose, distributed training, iridescent scales 1,
deterioration 1, poison resistance
a: no special abilities


You were on level 1 of the Dungeon.
You visited 1 branch of the dungeon, and saw 1 of its levels.

You collected 11 gold pieces.

Inventory:

Hand Weapons
 a - a +0 hand crossbow (weapon)
Missiles
 c - a bolt (quivered ammo)
Armour
 d - a +0 robe
 e - a +0 plate armour (worn)
Jewellery
 b - the ring "Osaoloy" (left hand) {rF+ Int+4 Dex+4 Slay+3}
   (You acquired it on level 1 of the Dungeon)

   [ring of protection from fire]

   Int:       It affects your intelligence (+4).
   Dex:       It affects your dexterity (+4).
   Slay:      It affects your accuracy & damage with ranged weapons and melee
   (+3).
   rF:        It protects you from fire.


   Skills:
 + Level 2.5 Fighting
 + Level 0.4 Short Blades
 + Level 0.4 Long Blades
 + Level 0.4 Axes
 + Level 0.4 Maces & Flails
 + Level 0.4 Polearms
 + Level 0.4 Staves
 + Level 0.4 Slings
 + Level 0.4 Bows
 + Level 4.5 Crossbows
 + Level 0.4 Throwing
 + Level 0.4 Armour
 + Level 4.5 Dodging
 + Level 0.4 Stealth
 + Level 0.4 Shields
 + Level 0.4 Unarmed Combat
 + Level 2.7 Spellcasting
 + Level 0.2 Conjurations
 + Level 5.3 Hexes
 + Level 0.2 Summonings
 + Level 0.2 Necromancy
 + Level 0.2 Translocations
 + Level 0.2 Transmutations
 + Level 0.2 Fire Magic
 + Level 0.2 Ice Magic
 + Level 0.2 Air Magic
 + Level 0.2 Earth Magic
 + Level 0.2 Poison Magic
 + Level 0.5 Invocations
 + Level 0.4 Evocations


You had 5 spell levels left.
You knew the following spells:

 Your Spells              Type           Power      Damage    Failure   Level
a - Corona                Hex            17%        N/A       100%        1

Your spell library contained the following spells:

 Spells                   Type           Power      Damage    Failure   Level
 Slow                     Hex            16%        N/A       100%        2
 Inner Flame              Hex/Fire       9%         N/A       100%        3
 Portal Projectile        Hex/Tloc       18%        N/A       100%        3
 Cause Fear               Hex            8%         N/A       100%        4


Dungeon Overview and Level Annotations

Branches:
Dungeon (1/15)

Altars:


Innate Abilities, Weirdness & Mutations

You have very sharp teeth.
Your uncanny sense of smell can sniff out nearby items.
Your experience applies equally to all skills.
You are partially covered in iridescent scales. (AC +2)
Your body sometimes deteriorates upon taking damage.
Your system is resistant to poisons. (rPois)


Message History

The jackal bites you but does no damage.
The jackal bites you but does no damage.
The jackal completely misses you.
The jackal bites you but does no damage.
The jackal bites you but does no damage.
The jackal bites you but does no damage.
The jackal bites you.
* * * LOW HITPOINT WARNING * * *
The jackal bites you but does no damage.
The jackal bites you but does no damage.
The jackal bites you.
* * * LOW HITPOINT WARNING * * *
The jackal bites you but does no damage.
You see here a bolt.
The jackal bites you but does no damage.
You see here a bolt.
An endoplasm comes into view.
The endoplasm quivers.
Found 13 gold pieces.
The jackal bites you but does no damage.
Found a fizzy brown potion.
The jackal barely misses you.
Found a smoky golden potion.
The endoplasm completely misses you.
The jackal bites you but does no damage.
The jackal bites you but does no damage.
You see here a fizzy brown potion.
f - a fizzy brown potion The jackal bites you but does no damage. x2
It was a potion of degeneration.
There was something very wrong with that liquid.
You feel weakened.
You feel dopey.
You feel clumsy. The endoplasm hits you.
* * * LOW HITPOINT WARNING * * *
The jackal bites you.
* * * LOW HITPOINT WARNING * * *
The jackal bites you but does no damage.
The jackal bites you but does no damage.
The endoplasm freezes you.
You are frozen.
You die...

.....#...g##.# #..........##
.....#....##.# #.............
..........##.####.............
.....##.#.##.#................
........#.##.####............. ..
.....#..#.##†# #h............. ..
....##..#....# #g############# #.
.......g#....###J## #.
....##.########.@.# ### #.
...)##.#..#####.#.# ########.###.
.......##....########.#...##).##.
.....###..g≈≈.......##..#.....#..
####.##..#b..g≈≈≈≈≈..≈...######.#
#.#..###.≈≈≈≈≈≈.≈≈..≈...####.#
#...##..≈≈≈≈≈≈.≈≈≈≈≈≈..#..##.#
#....#..≈≈≈≈≈≈..≈≈≈≈≈...##.#.#
##.####.≈≈≈≈..<..≈≈≈≈.##.###.#


You could see an endoplasm, a jackal and a goblin.

Vanquished Creatures
  A ball python (D:1)
  An endoplasm (D:1)
  A giant cockroach (D:1)
  4 jackals (D:1)
  3 goblins (D:1)
  2 rats (D:1)
12 creatures vanquished.

Notes
Turn   | Place    | Note
-------+----------+-------------------------------------------
     0 | D:1      | unlimited1921 the Gnoll Arcane Marksman began the quest for
                  | the Orb.
     0 | D:1      | Reached XP level 1. HP: 17/17 MP: 4/4
   181 | D:1      | Reached XP level 2. HP: 23/23 MP: 3/5
   263 | D:1      | Gained mutation: Your system is resistant to poisons.
                  | (rPois) [potion of mutation]
   263 | D:1      | Gained mutation: Your body sometimes deteriorates upon
                  | taking damage. [potion of mutation]
   263 | D:1      | Gained mutation: You are partially covered in iridescent
                  | scales. (AC +2) [potion of mutation]
   270 | D:1      | Identified a scroll of acquirement
   270 | D:1      | Acquired the ring "Osaoloy" {rF+ Int+4 Dex+4 Slay+3}
   531 | D:1      | HP: 1/23 [jackal (2)]
   537 | D:1      | Frozen to death by an endoplasm

Illustrated notes

Levels and vault maps discovered:
D:1:      dpeg_arrival_subterranean_lakeside_camping, layout_basic,
          minmay_pentomino_z4

Action                   || total
-------------------------++-------
 Fire: Hand crossbow     ||    32
 Cast: Corona            ||    15
  Use: Potion            ||     2
       Scroll            ||     1
Armor: Robe              ||    13
       Plate armour      ||    86
       Skin              ||     1
Dodge: Dodged            ||    55
